Map: Bel'Shir Vestige LE (Void)

Players

Tesserakt

  • Race: Zerg Zerg
  • League: Master
  • Spawn Location: 11:00

Railgan - Winner!

  • Race: Zerg Zerg
  • League: Grandmaster
  • Spawn Location: 5:00

VOD

Have the link to the VOD?

Description

Time

  • Played on: March 17, 2017, 7:36 p.m.
  • Length: 9:41
Show
View Real Time Build Order
Export as new Build Order

Tesserakt Zerg 

Build Orders: Hatch First, Zergling Baneling 

Get SALT Encoding   

  12  0:00  Drone  
  13  0:14  Overlord  
  13  0:19  Drone  
  14  0:32  Drone x2  
  16  0:37  Drone  
  17  0:54  Drone, Hatchery  
  17  0:58  Drone  
  18  1:10  Extractor  
  17  1:13  Spawning Pool  
  17  1:17  Drone  
  17  1:19  Drone  
  18  1:29  Drone  
  19  1:39  Overlord  
  19  1:53  Drone  
  20  2:00  Queen  
  22  2:08  Queen  
  22  2:09  Zergling x4  
  22  2:11  Metabolic Boost  
  22  2:14  Drone  
  27  2:22  Drone  
  28  2:25  Drone  
  28  2:29  Drone  
  30  2:35  Drone  
  31  2:42  Baneling Nest, Drone  
  30  2:53  Drone x2  
  32  2:59  Hatchery  
  31  3:10  Overlord, Zergling x8  
  31  3:11  Zergling x2  
  36  3:18  Overlord  
  36  3:29  Zergling x10  
  41  3:36  Zergling x2  
  42  3:42  Baneling x6  
  42  3:46  Zergling x4  
  44  3:54  Overlord  
  44  3:55  Zergling x8  
  44  4:08  Zergling x8  
  46  4:13  Zergling x2  
  42  4:21  Zergling x4  
  42  4:23  Baneling x6  
  44  4:24  Zergling x6  
  44  4:29  Zergling x4  
  49  4:33  Drone  
  49  4:35  Zergling x2  
  49  4:54  Baneling x3  
  42  5:03  Zergling x20  
  47  5:07  Baneling  
  47  5:13  Zergling x4  
  49  5:15  Evolution Chamber  
  49  5:20  Spine Crawler  
  47  5:24  Zergling x6  
  47  5:27  Baneling x2  
  47  5:34  Zergling x6  
  48  5:40  Zergling x6  
  51  5:43  Baneling x2  
  51  5:48  Baneling  
  49  5:56  Zergling x10  
  52  5:58  Baneling  
  43  6:07  Zergling x8  
  46  6:11  Zergling x4  
  46  6:16  Zergling x4  
  43  6:28  Zergling x10  
  43  6:32  Baneling x3  
  44  6:51  Zergling x16  
  49  6:54  Baneling  
  49  6:55  Baneling  
  44  7:03  Zergling x8  
  44  7:05  Baneling  
  48  7:11  Zergling x6  
  50  7:21  Baneling x2  
  50  7:23  Zergling x8  
  41  7:44  Zergling x16  
  41  7:47  Zergling x2  
  41  7:51  Zergling x4  
  42  7:57  Zergling x4  
  39  8:06  Zergling x4  
  39  8:09  Zergling x2  
  39  8:14  Zergling x2  
  40  8:21  Spine Crawler  
  40  8:23  Zergling x4  
  41  8:32  Baneling x3  
  38  8:40  Zergling x6  
  39  8:47  Zergling x4  
  27  9:04  Zergling x8  
  31  9:11  Zergling x2  
  32  9:21  Zergling x4  
Show
View Real Time Build Order
Export as new Build Order

Railgan Zerg - Winner!

Build Orders: Pool First, Swarm Host, Zergling Baneling 

Get SALT Encoding   

  12  0:01  Drone  
  13  0:12  Overlord  
  13  0:17  Drone  
  14  0:30  Drone  
  14  0:31  Drone  
  14  0:34  Drone  
  17  0:47  Spawning Pool  
  17  0:48  Drone  
  17  0:56  Drone  
  18  1:11  Hatchery  
  18  1:12  Extractor  
  18  1:15  Drone  
  17  1:19  Drone  
  18  1:30  Drone  
  19  1:36  Queen  
  19  1:39  Zergling x2  
  22  1:50  Overlord  
  22  2:10  Drone  
  22  2:11  Queen  
  22  2:14  Drone, Metabolic Boost  
  26  2:21  Zergling x2  
  27  2:25  Drone  
  27  2:28  Queen  
  30  2:37  Drone  
  30  2:40  Drone  
  31  2:44  Drone x3  
  31  2:48  Baneling Nest  
  31  2:51  Overlord  
  33  2:57  Zergling x4  
  35  3:06  Zergling x2  
  35  3:09  Drone  
  37  3:16  Drone  
  37  3:17  Drone x2  
  37  3:18  Lair  
  40  3:20  Drone x2  
  40  3:23  Drone x2  
  44  3:27  Overlord  
  44  3:30  Extractor  
  44  3:32  Baneling x2  
  42  3:35  Drone  
  42  3:40  Spine Crawler  
  42  3:42  Drone  
  42  3:45  Extractor  
  42  3:52  Evolution Chamber  
  41  3:56  Baneling x2, Zergling x12  
  47  4:07  Zergling x6  
  47  4:08  Zergling x2  
  49  4:13  Zergling x2  
  49  4:19  Baneling x2  
  49  4:20  Queen  
  49  4:22  Overlord  
  51  4:29  Baneling x2  
  51  4:38  Spine Crawler x2, Queen  
  50  4:40  Roach Warren  
  50  4:41  Drone x2  
  50  4:42  Baneling  
  50  4:43  Baneling  
  47  5:02  Drone x4  
  47  5:03  Baneling x2  
  47  5:05  Drone x3  
  53  5:09  Drone  
  53  5:10  Drone x4  
  57  5:23  Zergling x4  
  57  5:25  Baneling x2  
  59  5:35  Zergling x4  
  59  5:38  Overlord  
  59  5:39  Overlord, Queen  
  59  5:41  Baneling x4  
  60  5:46  Queen  
  60  5:49  Baneling  
  59  5:56  Zergling x6  
  62  5:57  Baneling x2  
  60  6:11  Zergling x18  
  60  6:16  Baneling x2  
  67  6:23  Drone x2  
  67  6:33  Infestation Pit  
  66  6:44  Extractor, Roach  
  66  6:45  Roach x3  
  66  6:46  Zerg Ground Armor Level 1  
  71  6:50  Spine Crawler, Drone  
  71  6:51  Drone x2  
  71  6:53  Drone  
  73  6:56  Drone x2  
  73  7:04  Overlord  
  74  7:11  Overlord  
  74  7:12  Roach  
  74  7:13  Hatchery  
  74  7:14  Baneling x7  
  74  7:19  Zergling x2  
  75  7:24  Zergling x2  
  75  7:27  Zergling x8  
  75  7:28  Zergling x4  
  82  7:33  Zergling x2  
  83  7:39  Zergling x2  
  79  7:46  Drone  
  79  7:47  Drone  
  74  7:57  Drone x3  
  75  8:00  Drone x2  
  75  8:05  Drone x3  
  79  8:09  Overlord  
  80  8:17  Swarm Host  
  80  8:18  Swarm Host  
  86  8:22  Swarm Host  
  89  8:28  Swarm Host  
  89  8:29  Swarm Host x4  
  89  8:30  Overlord  
  89  8:32  Overlord  
  104  8:37  Zergling x2  
  105  8:44  Zergling x2  
  105  8:46  Zergling x2  
  104  8:54  Swarm Host x3  
  110  8:58  Zergling x2  
  105  9:03  Zergling x2  
  105  9:04  Zergling x4  
  105  9:06  Drone x2  
  110  9:11  Baneling x3  
  110  9:12  Baneling x5, Zergling x4  
  112  9:21  Roach  
  118  9:24  Baneling x2  
Tags
 
Add a new tag
Caveats
  • Supply blocks, unpowered buildings, or Contaminate may cause inaccurate times.
  • Supply counts are checked every 10 seconds.